 Dungeon Crawl Stone Soup version 0.20.0-10-g0535bb4 (webtiles) character file.

554 Jannitor the Slicer (level 7, -2/41 HPs)
             Began as a Kobold Berserker on June 7, 2017.
             Was a Believer of Trog.
             Slain by a gnoll
             ... wielding a cursed +0 halberd
              (5 damage)
             ... on level 5 of the Dungeon.
             The game lasted 00:06:03 (4058 turns).

Jannitor the Slicer (Kobold Berserker)              Turns: 4058, Time: 00:06:04

Health: -2/41      AC:  6    Str: 16    XL:     7   Next: 55%
Magic:  7/7        EV: 15    Int:  9    God:    Trog [**....]
Gold:   136        SH:  0    Dex: 14    Spells: 6/6 levels left

rFire    . . .     SeeInvis .   a - +0 short sword
rCold    . . .     Gourm    .   (shield restricted)
rNeg     . . .     Faith    .   v - +0 robe (curse)
rPois    .         Spirit   .   s - +0 helmet
rElec    .         Reflect  .   n - +2 cloak
rCorr    .         Harm     .   (no gloves)
MR       .....                  (no boots)
Stlth    ++++......             (no amulet)
Regen    0.2/turn               (no ring)
MPRegen  0.1/turn               (no ring)

@: berserk cooldown, hasted and slowed
A: carnivore 3
a: Berserk, Trog's Hand, Burn Spellbooks, Renounce Religion


You were on level 5 of the Dungeon.
You worshipped Trog.
Trog was pleased with you.
You were not hungry.

You visited 1 branch of the dungeon, and saw 5 of its levels.

You collected 136 gold pieces.

Inventory:

Hand Weapons
 a - a +0 short sword (weapon)
Armour
 b - a +0 animal skin
 n - a +2 cloak (worn)
 s - a +0 helmet (worn)
 v - a cursed +0 robe (worn)
 w - a +0 leather armour of fire resistance
Wands
 x - a wand of polymorph (1/24)
Scrolls
 d - 3 scrolls of magic mapping {unknown}
 f - a scroll of blinking {unknown}
 i - 2 scrolls of identify {unknown}
 l - 2 scrolls of enchant armour {unknown}
 o - a scroll of teleportation {unknown}
 r - a scroll of remove curse {unknown}
 y - a scroll of vulnerability {unknown}
Potions
 e - 2 potions of curing
 j - a potion of invisibility {unknown}
 k - a potion of agility {unknown}
 m - 2 potions of magic {unknown}
 p - 2 potions of heal wounds {unknown}
 q - 2 potions of mutation {unknown}
 t - a potion of might {unknown}
Books
 u - a book of Misfortune

   Spells                             Type                      Level
   a - Confusing Touch                Hexes                        1
   b - Confuse                        Hexes                        3
   c - Gell's Gravitas                Translocation                3
   d - Petrify                        Transmutation/Earth          4
   e - Metabolic Englaciation         Hexes/Ice                    5
   f - Yara's Violent Unravelling     Hexes/Transmutation          5
   Trog disapproves of the use of such an item.
Comestibles
 c - 2 meat rations
 h - 2 royal jellies


   Skills:
 - Level 3.2 Fighting
 + Level 8.1 Short Blades
 - Level 1.5 Armour
 - Level 2.4 Dodging
 + Level 7.4 Stealth


You had 6 spell levels left.
You didn't know any spells.

Dungeon Overview and Level Annotations

Branches:
Dungeon (5/15)
 Temple: D:4-7

Altars:
Elyvilon
Gozag
Hepliaklqana
Nemelex Xobeh
Okawaru
Yredelemnul

Shops:
D:4 }

Annotations:
D:4 Sigmund; mrks's ghost, amateur MiFi
D:5 exclusion: upstairs


Innate Abilities, Weirdness & Mutations

You are small and have problems with some larger weapons.
You are carnivorous and can eat meat at any time.


Message History

The worker ant bites you!
* * * LOW HITPOINT WARNING * * *
You are poisoned.
The worker ant poisons you!
You feel sick. The worker ant barely misses you.
You feel sick. The gnoll misses you.
You feel sick. The worker ant closely misses you. The worker ant bites you.
* * * LOW HITPOINT WARNING * * *
The gnoll hits you from afar with a halberd.
* * * LOW HITPOINT WARNING * * *
You feel better. The worker ant misses you. The gnoll closely misses you.
The worker ant barely misses you.
You feel yourself speed up.
The gnoll hits you from afar with a spear.
* * * LOW HITPOINT WARNING * * *
The worker ant bites you.
* * * LOW HITPOINT WARNING * * *
The gnoll hits you from afar with a halberd.
You die...

##......#..# ##...#.#
#..........### #.g###.# ..
#####............####.## #.# .#
..............##......####.# ..#
#......<................# ...
####..............####..##.#
#......####...###....).....###
##.###.## #.#.#########.......
##.)# #.# ##.#@..# #.#..###
##..#########..#.a.# #g#.##
......## #...##.gg### #.#.#
.......####.######...#####...####
.....<......# #...†.............
.................#########..#####
............###### #..#
.......#....# #### ..#...#######


You could see a worker ant and 2 gnolls.

Vanquished Creatures
  Menkaure (D:4)
  A centaur (D:3)
  A hound (D:4)
  Ijyb (D:4)
  An iguana (D:5)
  Natasha (thrice) (D:3)
  2 worker ants
  9 adders
  2 gnolls (D:5)
  A worm (D:2)
  2 dart slugs
  3 leopard geckos
  An orc (D:3)
  A ball python (D:2)
  2 giant cockroaches
  6 goblins
  2 hobgoblins
  A quokka (D:3)
  5 bats
  5 frilled lizards
  9 kobolds
  5 rats
64 creatures vanquished.

Notes
Turn   | Place    | Note
-------+----------+-------------------------------------------
     0 | D:1      | Jannitor the Kobold Berserker began the quest for the Orb.
     0 | D:1      | Reached XP level 1. HP: 14/14 MP: 1/1
    79 | D:1      | Reached skill level 1 in Stealth
   445 | D:1      | Reached XP level 2. HP: 19/19 MP: 2/2
   918 | D:2      | Found a sparkling altar of Nemelex Xobeh.
  1088 | D:2      | Reached XP level 3. HP: 22/23 MP: 3/3
  1182 | D:2      | Found an opulent altar of Gozag.
  1311 | D:2      | Reached skill level 5 in Short Blades
  1434 | D:2      | Reached XP level 4. HP: 28/28 MP: 4/4
  1574 | D:2      | Reached ** piety under Trog
  2091 | D:3      | Noticed a centaur
  2102 | D:3      | Killed a centaur
  2102 | D:3      | Reached skill level 6 in Short Blades
  2102 | D:3      | Reached skill level 5 in Stealth
  2102 | D:3      | Reached XP level 5. HP: 12/32 MP: 5/5
  2573 | D:3      | Found a hazy altar of Hepliaklqana.
  2573 | D:3      | Noticed Natasha
  2582 | D:3      | Killed Natasha
  2582 | D:3      | Reached XP level 6. HP: 37/37 MP: 6/6
  2777 | D:3      | Noticed Natasha
  2786 | D:3      | Killed Natasha
  2814 | D:3      | Noticed Natasha
  2839 | D:3      | Killed Natasha
  2936 | D:4      | Reached skill level 7 in Short Blades
  2986 | D:4      | Found an iron altar of Okawaru.
  2986 | D:4      | Found a white marble altar of Elyvilon.
  3054 | D:4      | Noticed Menkaure
  3065 | D:4      | Killed Menkaure
  3065 | D:4      | Reached XP level 7. HP: 41/41 MP: 7/7
  3293 | D:4      | Found Uguatheni's Gadget Shop.
  3471 | D:4      | Noticed Ijyb
  3507 | D:4      | Killed Ijyb
  3749 | D:5      | Entered Level 5 of the Dungeon
  3774 | D:5      | Reached skill level 8 in Short Blades
  3908 | D:4      | Found a basalt altar of Yredelemnul.
  3910 | D:4      | Noticed mrks's ghost (amateur MiFi)
  3911 | D:4      | Noticed Sigmund
  4058 | D:5      | Slain by a gnoll

Skill      XL: |  1  2  3  4  5  6  7 |
---------------+----------------------+-----
Stealth        | 1 2 3 5 6 7 |  7.4
Short Blades   | 5 6 7 8 |  8.1
Fighting       | |  3.2
Armour         | |  1.5
Dodging        | |  2.4

Action                   |  1- 3 |  4- 6 |  7- 9 || total
-------------------------+-------+-------+-------++-------
Melee: Short sword       |    86 |   110 |    56 ||   252
       Unarmed           |       |       |    27 ||    27
Invok: Berserk           |     2 |     7 |     4 ||    13
       Trog's Hand       |       |     2 |       ||     2
  Use: Potion            |       |     1 |     2 ||     3
 Stab: Sleeping          |     6 |     4 |     3 ||    13
  Eat: Chunk             |     7 |    17 |     2 ||    26
Armor: Animal skin       |     5 |    15 |     5 ||    25
       Robe              |       |       |     5 ||     5
       Skin              |       |       |     3 ||     3
Dodge: Dodged            |    51 |    70 |    59 ||   180
